 Dungeon Crawl Stone Soup version 0.21-a0-519-gb765982 (webtiles) character file.

3705 slep the Cleaver (level 10, -2/77 HPs)
             Began as a Formicid Fighter on Dec 5, 2017.
             Was a High Priest of Okawaru.
             Succumbed to a killer bee's poison
             ... on level 8 of the Dungeon.
             The game lasted 00:31:04 (6441 turns).

slep the Cleaver (Formicid Fighter)                 Turns: 6441, Time: 00:31:05

Health: -2/77      AC: 10    Str: 25      XL:     10   Next: 35%
Magic:  15/15      EV: 11    Int:  7      God:    Okawaru [*****.]
Gold:   551        SH: 11    Dex:  9 (10) Spells: 16/16 levels left

rFire    . . .     SeeInvis +   a - +1 war axe
rCold    . . .     Gourm    +   c - +0 shield
rNeg     . . .     Faith    .   u - +0 scale mail
rPois    .         Spirit   .   (helmet unavailable)
rElec    .         Reflect  .   (no cloak)
rCorr    .         Harm     .   r - +0 pair of gloves
MR       +....                  y - +0 pair of boots
Stlth    +.........             O - amulet of the gourmand
HPRegen  0.22/turn              E - -3 ring of dexterity (curse)
MPRegen  0.14/turn              M - +3 ring of strength

@: lethally poisoned (-2 -> -26), starving
A: permanent stasis, dig shafts and tunnels, four strong arms, antennae 3
a: Dig, Shaft Self, Heroism, Finesse, Renounce Religion


You were on level 8 of the Dungeon.
You worshipped Okawaru.
Okawaru was extremely pleased with you.
You were starving.

You visited 1 branch of the dungeon, and saw 8 of its levels.

You collected 551 gold pieces.

Inventory:

Hand Weapons
 a - a +1 war axe (weapon)
 n - a +0 whip of freezing
 q - a +2 vampiric spear
 v - a cursed -1 mace
 L - a +0 hunting sling
Missiles
 h - 6 poisoned javelins (quivered)
 P - 23 sling bullets
Armour
 b - a +0 scale mail
 c - a +0 shield (worn)
 r - a +0 pair of gloves (worn)
 u - a +0 scale mail (worn)
 y - a +0 pair of boots (worn)
Jewellery
 i - a -3 ring of strength
 t - an uncursed ring of poison resistance
 E - a cursed -3 ring of dexterity (left hand)
 I - an uncursed ring of flight
 M - a +3 ring of strength (right hand)
 N - a +6 ring of intelligence
 O - an amulet of the gourmand (around neck)
Wands
 s - a wand of acid (10)
 H - a wand of digging (5)
 K - a wand of iceblast (17)
Scrolls
 d - a scroll of enchant armour
 e - 11 scrolls of identify
 j - a scroll of immolation
 l - a scroll of enchant weapon
 m - a scroll of remove curse
 o - a scroll of noise {unknown}
 p - 5 scrolls of teleportation {unknown}
 x - a scroll of blinking {unknown}
 B - a scroll of fog {unknown}
 D - a scroll of acquirement {unknown}
 F - a scroll of fear {unknown}
 J - a scroll of magic mapping {unknown}
Potions
 g - a potion of degeneration
 k - a potion of agility
 z - 2 potions of flight
Books
 w - a book of Misfortune

   Spells                             Type                      Level
   a - Confusing Touch                Hexes                        1
   b - Confuse                        Hexes                        3
   c - Gell's Gravitas                Translocation                3
   d - Petrify                        Transmutation/Earth          4
   e - Metabolic Englaciation         Hexes/Ice                    5
   f - Yara's Violent Unravelling     Hexes/Transmutation          5
 G - a book of Callings

   Spells                             Type                      Level
   a - Summon Small Mammal            Summoning                    1
   b - Call Imp                       Summoning                    2
   c - Call Canine Familiar           Summoning                    3
   d - Summon Guardian Golem          Hexes/Summoning              3
   e - Summon Lightning Spire         Summoning/Air                4
   f - Summon Ice Beast               Ice/Summoning                4
Comestibles
 f - 2 bread rations
 A - 2 royal jellies
 C - a meat ration


   Skills:
 + Level 6.8 Fighting
 + Level 8.3(8.7) Axes
 + Level 3.8(6.5) Polearms
 + Level 3.8 Throwing
 + Level 7.6 Armour
 + Level 4.3 Dodging
 + Level 5.3 Stealth
 + Level 8.1 Shields
 + Level 3.8 Spellcasting
 + Level 4.6 Invocations


You had 16 spell levels left.
You didn't know any spells.

Dungeon Overview and Level Annotations

Branches:
Dungeon (8/15)             Temple (0/1) D:7
   Lair: D:8-11

Altars:
Ashenzari
Gozag
Hepliaklqana
Nemelex Xobeh
Okawaru
Qazlal
The Shining One


Innate Abilities, Weirdness & Mutations

You cannot be hasted, slowed, berserked, paralysed or teleported.
You can dig through walls and to a lower floor.
Your four strong arms can wield two-handed weapons with a shield.
You have a pair of large antennae on your head. (SInv)


Message History

The killer bee is almost dead.
You hit the killer bee.
* * * LOW HITPOINT WARNING * * *
You feel sick. You block the killer bee's attack. The killer bee stings you.
* * * LOW HITPOINT WARNING * * *
The killer bee closely misses you.
The killer bee stings you but does no damage.
You closely miss the killer bee.
The killer bee is almost dead.
You hit the killer bee.
* * * LOW HITPOINT WARNING * * *
You feel very sick. The killer bee barely misses you.
You block the killer bee's attack. The killer bee stings you.
* * * LOW HITPOINT WARNING * * *
The killer bee closely misses you. The killer bee barely misses you.
You hit the killer bee but do no damage.
The killer bee is almost dead.
You miss the killer bee.
You die...

#........... %#
....#........... .
...#........... .
...#...........
.###.#..#...........
...#.#..#........#
#.......#.#......#
#../yy#........# ..
#.#@#........#
....#.#.#....#...#
........#.##.###.#
#######.#.##..##.#
..........###.##.#
.##.#....## #>##.#
#).....# #.##.#
#....### #.##.#
...... #).<.#


You could see 2 killer bees.

Vanquished Creatures
  Pikel (D:5)
  The ghost of aubilenon the Cudgeler, a novice GrFi (D:6)
  Joseph (D:8)
  Prince Ribbit (D:7)
  A hippogriff (D:7)
  Sigmund (D:5)
  A hungry ghost (D:8)
  A slave (D:5)
  A black bear (D:7)
  4 ogres
  A centaur (D:6)
  The ghost of bootles the Scholar of Death, an amateur DENe of Kikubaaqudgha (D:3)
  A bullfrog (D:7)
  2 scorpions
  A killer bee (D:8)
  4 crimson imps
  A centaur zombie (D:5)
  A quasit (D:8)
  2 bullfrog skeletons (D:4)
  A hound (D:5)
  An orc priest (D:6)
  5 orc wizards
  5 worker ants
  6 gnolls
  7 adders
  3 shadow imps
  An adder skeleton (D:4)
  6 worms
  2 leopard geckos
  17 orcs
  A ball python (D:1)
  5 bats
  5 giant cockroaches
  16 goblins
  12 hobgoblins
  A jackal (D:7)
  6 kobolds
  9 frilled lizards
  A jackal zombie (D:8)
  4 rats
141 creatures vanquished.

Vanquished Creatures (others)
  A slave (D:5)
  An adder (D:5)
  An adder zombie (D:5)
3 creatures vanquished.

Grand Total: 144 creatures vanquished

Notes
Turn   | Place    | Note
-------+----------+-------------------------------------------
     0 | D:1      | slep the Formicid Fighter began the quest for the Orb.
     0 | D:1      | Reached XP level 1. HP: 18/18 MP: 1/1
   106 | D:1      | Reached XP level 2. HP: 24/24 MP: 2/2
   310 | D:1      | Found a shattered altar of Ashenzari.
   588 | D:2      | Reached XP level 3. HP: 25/29 MP: 3/3
   635 | D:2      | Found a hazy altar of Hepliaklqana.
   778 | D:2      | Found an iron altar of Okawaru.
   785 | D:2      | Became a worshipper of Warmaster Okawaru
  1442 | D:3      | Found an opulent altar of Gozag.
  1493 | D:3      | Noticed an ogre
  1501 | D:3      | Killed an ogre
  1501 | D:3      | Reached * piety under Okawaru
  1501 | D:3      | Reached skill level 1 in Dodging
  1501 | D:3      | Reached XP level 4. HP: 29/37 MP: 4/4
  1501 | D:3      | Reached XP level 5. HP: 33/42 MP: 5/5
  1651 | D:3      | Found a faded altar of an unknown god.
  2030 | D:3      | Noticed bootles's ghost (amateur DENe)
  2041 | D:3      | Killed bootles's ghost
  2041 | D:3      | Reached XP level 6. HP: 25/48 MP: 6/6
  2296 | D:4      | Noticed an ogre
  2305 | D:4      | HP: 2/48 [ogre/giant club (13)]
  2321 | D:5      | Entered Level 5 of the Dungeon
  2642 | D:5      | Noticed a slave
  2645 | D:5      | Noticed Pikel
  2647 | D:5      | Noticed a slave
  2647 | D:5      | Reached XP level 7. HP: 44/54 MP: 7/7
  2673 | D:5      | Reached skill level 5 in Stealth
  2673 | D:5      | Reached XP level 8. HP: 16/64 MP: 7/13
  2710 | D:5      | Killed Pikel
  2710 | D:5      | Reached ** piety under Okawaru
  2710 | D:5      | Reached *** piety under Okawaru
  3063 | D:4      | HP: 3/64 [orc wizard/puff of flame (13)]
  3078 | D:4      | Reached XP level 9. HP: 16/69 MP: 14/14
  3912 | D:5      | Noticed Sigmund
  3943 | D:5      | Killed Sigmund
  4046 | D:5      | Found a glowing golden altar of the Shining One.
  4715 | D:6      | Reached **** piety under Okawaru
  4856 | D:6      | Noticed aubilenon's ghost (novice GrFi)
  4889 | D:6      | Killed aubilenon's ghost
  5491 | D:6      | You fall through a shaft!
  5526 | D:7      | Found a stormy altar of Qazlal.
  5637 | D:7      | Found a staircase to the Ecumenical Temple.
  5709 | D:7      | Noticed a hippogriff
  5720 | D:7      | Killed a hippogriff
  5720 | D:7      | Reached XP level 10. HP: 68/77 MP: 15/15
  5761 | D:7      | Noticed Prince Ribbit
  5784 | D:7      | Killed Prince Ribbit
  5784 | D:7      | Reached ***** piety under Okawaru
  6103 | D:7      | Found a sparkling altar of Nemelex Xobeh.
  6319 | D:8      | Noticed Joseph
  6358 | D:8      | Killed Joseph
  6358 | D:8      | Received a gift from Okawaru
  6440 | D:8      | HP: 3/77 [poisoned by a killer bee]
  6440 | D:8      | HP: 1/77 [killer bee (2)]
  6441 | D:8      | Succumbed to a killer bee's poison

Vault maps used:
D:1:      mrwooster_arrival_statue_3, ashenzari_altar_1
D:2:      old_standard_altar, okawaru_ov_weapons_minmay, first_bread
D:3:      cheibrodos_greedy_goblins, chequers_ecumenical_altar_simple,
          st_stairs_4, serial_park_tiny_pond, grunt_gozag_breadcrumbs
D:5:      tso_oasis_becter, uniq_pikel, uniq_sigmund
D:6:      corexii_corridor_pit
D:7:      marbit_many_paths, grunt_qazlal_clouds,
          minmay_temple_entry_statues_fountains, uniq_prince_ribbit1
D:8:      minmay_tri_box, uniq_joseph, uniq_erica

Skill      XL: |  1  2  3  4  5  6  7  8  9 10 |
---------------+-------------------------------+-----
Shields        | 4 6 7 8 |  8.1
Axes           | 3 4 6 7 8 |  8.3
Armour         | 4 6 7 |  7.6
Dodging        | 1 4 |  4.3
Fighting       | 4 6 |  6.8
Polearms       | 3 |  3.8
Throwing       | 3 |  3.8
Stealth        | 5 |  5.3
Spellcasting   | 3 |  3.8
Invocations    | 4 |  4.6

Action                   |  1- 3 |  4- 6 |  7- 9 | 10-12 || total
-------------------------+-------+-------+-------+-------++-------
Melee: War axe           |   120 |   131 |   308 |    98 ||   657
Evoke: Wand              |       |       |     1 |       ||     1
  Use: Potion            |     1 |     1 |     9 |       ||    11
       Scroll            |       |       |       |     5 ||     5
 Stab: Sleeping          |       |       |     3 |       ||     3
  Eat: Chunk             |       |     5 |    11 |     2 ||    18
Armor: Scale mail        |    63 |    54 |    89 |    36 ||   242
Dodge: Dodged            |    29 |    40 |   142 |    51 ||   262
Block: Shield            |    55 |    97 |   183 |    96 ||   431

Table legend:
 A = Spawn XP
 B = Non-spawn XP
 C = Spawn XP percentage of total XP
 D = Spawn monster count
 E = Non-spawn monster count
 F = Spawn count percentage of total count
 G = Total turns spent on level
                    A         B        C        D         E        F      G
               +---------+---------+-------+---------+---------+-------+---------
         Total |       0 |    4803 |   0.0 |       0 |     140 |   0.0 |  6441
               +---------+---------+-------+---------+---------+-------+---------
           D:1 |       0 |      23 |   0.0 |       0 |      15 |   0.0 |   550
           D:2 |       0 |      32 |   0.0 |       0 |      14 |   0.0 |   892
           D:3 |       0 |     318 |   0.0 |       0 |      38 |   0.0 |   827
           D:4 |       0 |     531 |   0.0 |       0 |      19 |   0.0 |   684
           D:5 |       0 |    1178 |   0.0 |       0 |      14 |   0.0 |  1426
           D:6 |       0 |    1108 |   0.0 |       0 |      25 |   0.0 |  1257
           D:7 |       0 |     840 |   0.0 |       0 |       8 |   0.0 |   662
           D:8 |       0 |     773 |   0.0 |       0 |       7 |   0.0 |   143
               +---------+---------+-------+---------+---------+-------+---------
